 Dungeon Crawl Stone Soup version 0.32-a0-163-g159c032296 (webtiles) character file.

Game seed: 2484659168171317392

63 promet the Sneak (level 4, -3/30 HPs)
             Began as an Octopode Brigand on Feb 11, 2024.
             Slain by a gnoll
             ... wielding a +0 spear
              (5 damage)
             ... on level 2 of the Dungeon.
             The game lasted 00:10:06 (1490 turns).

promet the Sneak (Octopode Brigand)                 Turns: 1490, Time: 00:10:07

Health: -3/30      AC:  1    Str: 10    XL:     4   Next: 9%
Magic:  4/4        EV: 13    Int: 13    God:
Gold:   42         SH:  0    Dex: 15    Spells: 3/3 levels left

rFire   . . .        a - +2 dagger
rCold   . . .        (no shield)
rNeg    . . .        (helmet restricted)
rPois   .            (no amulet)
rElec   .            (no ring)
rCorr   .            (no ring)
SInv    .            (no ring)
Will    +....        (no ring)
Stlth   ++++         (no ring)
HPRegen 0.25/turn    (no ring)
MPRegen 0.09/turn    (no ring)
                     (no ring)

%: no passive effects
@: attractive, enlightened, flying
A: almost no armour, amphibious, 8 rings, camouflage 1, gelatinous body 1,
(nimble swimmer 1), tentacles
a: no special abilities


You were on level 2 of the Dungeon.
You visited 1 branch of the dungeon, and saw 2 of its levels.

You collected 42 gold pieces.

Inventory:

Hand Weapons
 a - a +2 dagger (weapon)
 b - a +3 spear
Missiles
 c - 3 curare-tipped darts
 i - 9 poisoned darts (quivered)
Scrolls
 j - a scroll of fog {unknown}
Potions
 d - a potion of cancellation {unknown}
 g - a potion of heal wounds {unknown}
 h - a potion of haste {unknown}


   Skills:
 * Level 2.6 Fighting
 + Level 2.3 Short Blades
 + Level 2.2 Throwing
 + Level 1.2 Dodging
 + Level 6.5 Stealth


You had 3 spell levels left.
You didn't know any spells.
Your spell library contained the following spells:

 Spells                   Type           Power      Damage    Failure   Level
 Summon Blazeheart Golem  Fire/Summ      0%         N/A       97%         4
 Orb of Destruction       Conj           0%         9d5       100%        7
 Spellforged Servitor     Conj/Summ      0%         N/A       100%        7


Dungeon Overview and Level Annotations

Branches:
Dungeon (2/15)

Altars:


Innate Abilities, Weirdness & Mutations

You cannot wear most types of armour.
You are amphibious.
You can wear up to eight rings at the same time.
Your skin changes colour to match your surroundings (Stealth+).
Your rubbery body absorbs attacks. (AC +1, EV +1)
((You are camouflaged when in or above water. (Stealth+)))
You have tentacles for arms and can constrict up to eight enemies at once.


Message History

There is an open door here.
You open the door.
There is an open door here.
Found a ring mail.
Found a whip.
j - a scroll labelled POEX GUPTOAGAA A gnoll comes into view.
It is wielding a +0 spear.
Found 13 gold pieces.
A gnoll comes into view. It is wielding a +0 spear.
You see here 13 gold pieces.
The helpless gnoll fails to defend itself.
You impale the gnoll!!
You kill the gnoll!
You have reached level 4! 2 gnolls come into view.
The gnoll shouts! x3
You see here a +0 spear.
The gnoll hits you from afar with a +0 spear!
The gnoll hits you with a +0 spear. The gnoll hits you with a +0 club.
You see here a +0 spear.
Okay, then.
You hit the gnoll. Your grab misses the gnoll.
The gnoll is lightly wounded.
The gnoll barely misses you.
The gnoll hits you from afar with a +0 spear.
* * * LOW HITPOINT WARNING * * *
The gnoll hits you with a +0 club.
* * * LOW HITPOINT WARNING * * *
The gnoll closely misses you.
You see here 13 gold pieces.
The gnoll attacks as it pursues you! The gnoll hits you with a +0 club.
* * * LOW HITPOINT WARNING * * *
It was a potion of attraction.
You feel attractive to monsters. The gnoll barely misses you.
The gnoll closely misses you.
It was a potion of enlightenment.
You feel very buoyant.
You fly up into the air.
The gnoll misses you.
The gnoll hits you from afar with a +0 spear.
You die...

######.....#.#
#.##.##..
##########.##.####
## ............#.#
.. #############.#
.# ..# #.# .# #.#
#.# .# ..#
#.######.# ###
#...@ggg.#
##########


You could see 3 gnolls.

Vanquished Creatures
  A gnoll (D:2)
  An adder (D:2)
  A dart slug (D:1)
  A ribbon worm (D:2)
  A ball python (D:1)
  4 endoplasms
  2 giant cockroaches (D:1)
  3 goblins (D:1)
  6 hobgoblins
  4 jackals (D:1)
  2 kobolds
  2 quokkas
  3 bats (D:1)
  2 frilled lizards
  2 rats (D:1)
35 creatures vanquished.

Notes
Turn   | Place    | Note
-------+----------+-------------------------------------------
     0 | D:1      | promet the Octopode Brigand began the quest for the Orb.
     0 | D:1      | Reached XP level 1. HP: 14/14 MP: 1/1
    89 | D:1      | Reached XP level 2. HP: 19/19 MP: 2/2
   281 | D:1      | Reached skill level 6 in Stealth
   388 | D:1      | Reached XP level 3. HP: 23/25 MP: 3/3
  1482 | D:2      | Reached XP level 4. HP: 30/30 MP: 4/4
  1490 | D:2      | Slain by a gnoll

Illustrated notes

Levels and vault maps discovered:
D:1:      ncdulo_halloftheorcs, layout_rooms, chequers_serial_rivers_micro_d
D:2:      layout_basic, minmay_distorted

Skill      XL: |  1  2 |
---------------+-------+-----
Stealth        | 6 |  6.5
Fighting       | |  2.6
Short Blades   | |  2.3
Throwing       | |  2.2
Dodging        | |  1.2

Action                     |  1- 3 |  4- 6 || total
---------------------------+-------+-------++-------
  Melee: Dagger            |    86 |     1 ||    87
         Constrict         |    18 |       ||    18
         Tentacles         |    14 |       ||    14
  Throw: Dart              |     1 |       ||     1
    Use: Scroll            |     3 |       ||     3
         Potion            |       |     2 ||     2
   Stab: Sleeping          |     8 |       ||     8
         Distracted        |     1 |       ||     1
 Armour: Skin              |    39 |     7 ||    46
  Dodge: Dodged            |    41 |     5 ||    46

Table legend: (Time is in decaauts)
 A = Elapsed time spent in this place.
 B = Non-inter-level travel time spent in this place.
 C = Inter-level travel time spent in this place.
 D = Time resting spent in this place.
 E = Time spent auto-exploring this place.
 F = Levels seen in this place.
 G = Mean time per level.
                   A        B        C        D        E       F      G
               +--------+--------+--------+--------+--------+-----+--------+
         Total |   1480 |   1464 |     16 |    406 |    210 |   2 |  740.0 |
       Dungeon |   1480 |   1464 |     16 |    406 |    210 |   2 |  740.0 |
               +--------+--------+--------+--------+--------+-----+--------+

Top non-repeatable levels by time:
     D:1: 827 daAuts
     D:2: 653 daAuts
